 Dungeon Crawl Stone Soup version 0.18.1-5-g4a78601 (webtiles) character file.

86 Mefis the Magician (level 4, -2/24 HPs)
             Began as a Deep Elf Wizard on May 10, 2016.
             Slain by a killer bee (4 damage)
             ... on level 2 of the Dungeon.
             The game lasted 00:04:06 (2419 turns).

Mefis the Magician (Deep Elf Wizard)                Turns: 2419, Time: 00:04:06

Health: -2/24      AC:  2    Str:  4    XL:     4   Next: 26%
Magic:  6/12       EV: 13    Int: 24    God:
Gold:   108        SH:  0    Dex: 13    Spells: 5 memorised, 2 levels left

rFire  . . .     SeeInvis .     g - +0 dagger
rCold  . . .     Gourm    .     a - +0 robe
rNeg   . . .     Faith    .     (no shield)
rPois  .         Spirit   .     b - +0 hat
rElec  .         Dismiss  .     (no cloak)
rCorr  .         Reflect  .     (no gloves)
SustAt .         Harm     .     (no boots)
MR     .....                    (no amulet)
Stlth  ++........               (no ring)
                                (no ring)

@: lethally poisoned (-2 -> -8), very slightly contaminated, not resistant to
hostile enchantments, unstealthy
A: no striking features
a: no special abilities


You were on level 2 of the Dungeon.
You were not hungry.

You visited 1 branch of the dungeon, and saw 3 of its levels.

You collected 108 gold pieces.

Inventory:

Hand Weapons
 g - a +0 dagger (weapon)
Missiles
 j - 197 stones (quivered)
 l - 91 arrows
Armour
 a - a +0 robe (worn)
 b - a +0 hat (worn)
Scrolls
 e - a scroll of enchant weapon {unknown}
 f - 2 scrolls of teleportation {unknown}
 k - 2 scrolls of enchant armour {unknown}
 m - 3 scrolls of remove curse {unknown}
 n - 3 scrolls of identify {unknown}
 q - a scroll of noise {unknown}
 r - a scroll of immolation {unknown}
Potions
 o - a potion of agility {unknown}
 p - a potion of cancellation {unknown}
Books
 c - a book of Minor Magic

   Spells                             Type                      Level
   a - Magic Dart                     Conjuration                  1
   b - Blink                          Translocation                2
   c - Call Imp                       Summoning                    2
   d - Repel Missiles                 Charms/Air                   2
   e - Slow                           Hexes                        2
   f - Conjure Flame                  Conjuration/Fire             3
   g - Mephitic Cloud                 Conjuration/Poison/Air       3
Comestibles
 d - 2 bread rations
 h - 2 fruits
 i - a beef jerky


   Skills:
 + Level 3.2 Dodging
 + Level 3.0 Stealth
 + Level 4.8 Spellcasting
 + Level 2.3 Conjurations
 + Level 2.5 Summonings
 - Level 1.1 Translocations
 + Level 0.4 Poison Magic


You had 2 spell levels left.
You knew the following spells:

 Your Spells              Type           Power        Failure   Level  Hunger
a - Magic Dart            Conj           ###.         3%          1    None
b - Call Imp              Summ           ###.....     6%          2    None
c - Blink                 Tloc           N/A          12%         2    None
d - Repel Missiles        Chrm/Air       #.....       14%         2    None
e - Mephitic Cloud        Conj/Pois/Air  ##......     21%         3    ##.....


Dungeon Overview and Level Annotations

Branches:
Dungeon (3/15)

Altars:


Message History

The killer bee stings you.
You are poisoned.
The killer bee poisons you! The jackal barely misses you.
The jackal bites you but does no damage. x2
The killer bee stings you!
* * * LOW HITPOINT WARNING * * *
You climb upwards.
* * * LOW HITPOINT WARNING * * *
You feel sick.
There is a stone staircase leading down here.
Casting: Magic Dart
Confirm with . or Enter, or press ? or * to list all spells.
You miscast Blink.
You are very lightly contaminated with residual magic.
You feel uncomfortable.
* * * LOW HITPOINT WARNING * * *
You feel sick. The jackal barely misses you.
The killer bee completely misses you. The jackal barely misses you. x2
The killer bee stings you.
You die...

#.....#..(.................
#.###...#.##.#....[.....#..
#.# #........###...########
#.# #..##.#..# #...# #
#######.# #..##....###...#
# ..>.....#
#..#.....รท.....# #
######### #..............#
# # #..#.##h.###.### # #
#....y@..# #.# #
##.#.##h.###.# #
#.#<##...<..# ##
#.#.##.###### .###
#.......# ## ...#
###.##..#### #.
.#.###########.##.....# #.
##..................#.###
#.
##############......)...#
#.


You could see a killer bee and 2 jackals.

Vanquished Creatures
  3 adders (D:2)
  2 oozes
  A dart slug (D:2)
  An orc (D:3)
  4 giant cockroaches (D:1)
  6 goblins
  7 hobgoblins
  10 jackals (D:2)
  A kobold (D:2)
  3 bats (D:2)
  2 giant newts (D:2)
  A rat (D:1)
41 creatures vanquished.

Notes
Turn   | Place    | Note
--------------------------------------------------------------
     0 | D:1      | Mefis the Deep Elf Wizard began the quest for the Orb.
     0 | D:1      | Reached XP level 1. HP: 10/10 MP: 7/7
   421 | D:1      | Reached XP level 2. HP: 14/15 MP: 0/9
   503 | D:1      | Learned a level 2 spell: Call Imp
   506 | D:1      | Learned a level 2 spell: Blink
   509 | D:1      | Learned a level 2 spell: Repel Missiles
  1430 | D:2      | Reached XP level 3. HP: 19/19 MP: 4/11
  1435 | D:2      | Learned a level 3 spell: Mephitic Cloud
  2119 | D:2      | Reached XP level 4. HP: 24/24 MP: 5/12
  2419 | D:2      | Slain by a killer bee

Skill      XL: |  1  2  3 |
---------------+----------+-----
Conjurations   | 2 |  2.3
Summonings     | 2 |  2.5
Dodging        | 3 |  3.2
Stealth        | 3 |  3.0
Spellcasting   | |  4.8
Translocations | |  1.1
Poison Magic   | |  0.4

Action                   |  1- 3 |  4- 6 || total
-------------------------+-------+-------++-------
Melee: Dagger            |    14 |       ||    14
 Cast: Magic Dart        |    95 |    20 ||   115
  Eat: Chunk             |     3 |     1 ||     4
Armor: Robe              |     8 |     2 ||    10
Dodge: Dodged            |    25 |    14 ||    39
